 Dungeon Crawl Stone Soup version 0.29-a0-409-gd843f3a48c (webtiles) character file.

Game seed: 10261345644609640391

1229 holysushi the Insei (level 8, -2/60 HPs)
             Began as a Mummy Monk on May 14, 2022.
             Was a Believer of Okawaru.
             Slain by an orc warrior
             ... wielding a +0 trident
              (14 damage)
             ... on level 5 of the Dungeon.
             The game lasted 00:09:30 (7570 turns).

holysushi the Insei (Mummy Monk)                    Turns: 7570, Time: 00:09:31

Health: -2/60      AC:  6    Str: 15    XL:     8   Next: 24%
Magic:  8/9        EV: 15    Int:  9    God:    Okawaru [**....]
Gold:   353        SH: 10    Dex: 16    Spells: 7/7 levels left

rFire   x . .      SeeInvis .     - Unarmed
rCold   + . .      Faith    .   l - +0 kite shield
rNeg    + + +      Spirit   .   a - +0 robe
rPois   ∞          Reflect  .   g - +0 helmet
rElec   .          Harm     .   b - +2 cloak {Will+}
rCorr   .          Rampage  .   (no gloves)
Will    ++...                   (no boots)
Stlth   +++.......              (no amulet)
HPRegen 0.20/turn               (no ring)
MPRegen 0.11/turn               (no ring)

@: heroic
A: cold resistance 1, negative energy resistance 3, torment resistance 2, heat
vulnerability 1, in touch with death 1, no potions
a: Renounce Religion, Heroism


You were on level 5 of the Dungeon.
You worshipped Okawaru.
Okawaru was pleased with you.
You visited 2 branches of the dungeon, and saw 6 of its levels.

You collected 353 gold pieces.

Inventory:

Armour
 a - a +0 robe (worn)
 b - a +2 cloak of willpower (worn)
 g - a +0 helmet (worn)
 l - a +0 kite shield (worn)
Jewellery
 j - a ring of protection from fire
 m - a ring of wizardry
Wands
 k - a wand of polymorph (3)
Scrolls
 c - 3 scrolls of blinking
 d - 3 scrolls of teleportation
 e - 3 scrolls of poison {unknown}
 f - a scroll of fear {unknown}
 h - a scroll of torment {unknown}
 i - 4 scrolls of identify


   Skills:
 + Level 4.1(9.1) Fighting
 * Level 4.2(9.2) Dodging
 - Level 1.5(6.5) Stealth
 - Level 0.1(5.1) Shields
 + Level 6.8(11.8) Unarmed Combat
 - Level 2.0 Invocations
 - Level 2.0 Evocations


You had 7 spell levels left.
You didn't know any spells.
Your spell library contained the following spells:

 Spells                   Type           Power      Damage    Failure   Level
 Gell's Gravitas          Tloc           0%         N/A       98%         3
 Teleport Other           Tloc           0%         N/A       98%         3
 Dispersal                Tloc           0%         N/A       100%        6


Dungeon Overview and Level Annotations

Branches:
Dungeon (5/15)             Temple (1/1) D:4

Altars:
Ashenzari
Cheibriados
Dithmenos
Elyvilon
Fedhas
Gozag
Hepliaklqana
Kikubaaqudgha
Makhleb
Okawaru
Qazlal
Ru
Trog
Uskayaw
Yredelemnul
The Shining One

Annotations:
D:2 Sigmund


Innate Abilities, Weirdness & Mutations

You are immune to poison.
Your flesh is cold resistant. (rC+)
You are immune to negative energy. (rN+++)
You are immune to unholy pain and torment.
You are vulnerable to heat. (rF-)
You are in touch with the powers of death.
You do not drink.


Message History

Press: ? - help, v - describe, . - travel, g - get item
Here: an orc warrior, wielding a +0 long sword and wearing a +3 chain mail
Items here: ))) [[ †††.
The floor, spattered with blood.
You gain the combat prowess of a mighty hero.
You block the orc warrior's attack.
You hit the orc warrior.
The orc warrior is lightly wounded.
The orc hits you but does no damage.
An orc warrior comes into view. It is wielding a +0 trident.
The orc warrior hits you with a +0 long sword!
You barely miss the orc warrior.
The orc warrior is lightly wounded.
You block the orc's attack. The orc warrior barely misses you.
You punch the orc warrior!
The orc warrior is heavily wounded.
You hit the orc warrior.
The orc warrior is severely wounded.
The orc misses you. The orc warrior closely misses you.
You hit the orc warrior.
The orc warrior is almost dead.
The orc misses you.
The orc warrior hits you with a +0 long sword!
Unknown command.
You closely miss the orc warrior.
The orc warrior is almost dead.
The orc hits you from afar with a +0 trident.
The orc warrior hits you with a +0 long sword!
* * * LOW HITPOINT WARNING * * *
You punch the orc warrior!
You kill the orc warrior!
Okawaru accepts your kill. You block the orc's attack.
Items here: )))) [[[ †††.
Unknown command.
You block the orc warrior's attack.
Unknown command.
There is a stone staircase leading up here.
The orc warrior hits you from afar with a +0 trident!
You die...

##### #####...####
########..........##
#..o)o.............## #
##'####o.............### #
##...###................#
#
#8...8##@...............#
##.....##...............##
#..o....#########)#######
#.8.o.8.# ##.## #
#......o# ###..## ##
#.......# ##.....# .##
#.8...8.####...#..# ..##
#.......##...###..###
#..##
#.......#...#.......#


You could see an orc warrior and an orc.

Vanquished Creatures
  An orc warrior (D:5)
  A black bear (D:5)
  2 ogres
  2 necrophages
  A gnoll sergeant (D:5)
  2 scorpions (D:4)
  3 orc priests
  2 hounds
  Crazy Yiuf (D:2)
  An iguana (D:5)
  6 orc wizards
  A mummy (D:5)
  5 gnolls (D:5)
  6 adders
  An ufetubus (D:5)
  A dart slug (D:2)
  21 orcs
  3 endoplasms
  3 giant cockroaches
  5 goblins
  9 hobgoblins
  5 jackals
  5 quokkas
  5 ball pythons
  6 bats
  2 frilled lizards (D:1)
  9 kobolds
  9 rats
118 creatures vanquished.

Vanquished Creatures (others)
  2 fungi (D:2)
2 creatures vanquished.

Grand Total: 120 creatures vanquished

Notes
Turn   | Place    | Note
-------+----------+-------------------------------------------
     0 | D:1      | holysushi the Mummy Monk began the quest for the Orb.
     0 | D:1      | Reached XP level 1. HP: 18/18 MP: 1/1
   452 | D:1      | Reached skill level 3 in Unarmed Combat
   452 | D:1      | Reached XP level 2. HP: 22/24 MP: 2/2
  1382 | D:2      | Gained mutation: You are in touch with the powers of death.
                  | [Mummy growth]
  1382 | D:2      | Reached XP level 3. HP: 29/29 MP: 3/3
  1626 | D:2      | Noticed Sigmund
  2057 | D:2      | Reached skill level 4 in Unarmed Combat
  2065 | D:2      | Reached XP level 4. HP: 26/35 MP: 4/4
  2168 | D:2      | Found a runed translucent door.
  2169 | D:2      | Noticed Crazy Yiuf
  2357 | D:2      | Killed Crazy Yiuf
  2621 | D:3      | Reached skill level 1 in Evocations
  2861 | D:3      | Noticed a necrophage
  2911 | D:1      | Killed a necrophage
  2912 | D:1      | Reached XP level 5. HP: 21/41 MP: 5/5
  3118 | D:3      | Noticed an ogre
  3124 | D:3      | Killed an ogre
  3125 | D:3      | Reached skill level 5 in Unarmed Combat
  3125 | D:3      | Reached XP level 6. HP: 20/47 MP: 6/6
  4140 | D:4      | Reached skill level 6 in Unarmed Combat
  4145 | D:4      | Reached XP level 7. HP: 50/52 MP: 7/7
  4285 | D:4      | Found a sacrificial altar of Ru.
  4574 | D:4      | Found a broken altar of Ashenzari.
  4775 | D:4      | Found a staircase to the Ecumenical Temple.
  4794 | Temple   | Entered the Ecumenical Temple
  5040 | Temple   | Became a worshipper of Warmaster Okawaru
  5040 | Temple   | Reached * piety under Okawaru
  5040 | Temple   | Reached ** piety under Okawaru
  5441 | D:5      | Entered Level 5 of the Dungeon
  5677 | D:5      | Reached skill level 1 in Invocations
  6026 | D:5      | Found a runed translucent door.
  6188 | D:5      | Reached XP level 8. HP: 7/60 MP: 9/9
  7570 | D:5      | Slain by an orc warrior

Illustrated notes

Levels and vault maps discovered:
D:1:      lightli_arrival_statue_moat, layout_basic
D:2:      layout_basic, hangedman_feature_mirror, minmay_tetromino_l4,
          uniq_crazy_yiuf_cottage, uniq_sigmund
D:3:      cheibrodos_pilgrimage, layout_basic, kennysheep_generic_room_8
D:4:      layout_basic, gammafunk_temple_overflow_forgotten,
          minmay_temple_entry_junction
D:5:      layout_cave_pods, serial_glass, glass_columns_c, glass_columns_c,
          gup_ossuary_entry_pyramid, lightli_church_of_beogh
Temple:   nicolae_temple_figure_eight

Skill      XL: |  1  2  3  4  5  6  7  8 |
---------------+-------------------------+-----
Unarmed Combat | 3 4 5 6 |  6.8
Evocations     | 1 2 |  2.0
Dodging        | 3 4 |  4.2
Invocations    | 1 2 |  2.0
Fighting       | 4 |  4.1
Stealth        | |  1.5
Shields        | |  0.1

Action                   |  1- 3 |  4- 6 |  7- 9 || total
-------------------------+-------+-------+-------++-------
Melee: Unarmed           |   153 |   106 |   216 ||   475
       Punch             |     3 |     3 |    10 ||    16
Invok: Heroism           |       |       |     3 ||     3
Evoke: Wand              |       |     7 |       ||     7
  Use: Scroll            |       |     4 |     1 ||     5
 Stab: Sleeping          |     7 |       |     1 ||     8
       Distracted        |     1 |       |       ||     1
Armor: Robe              |    33 |    31 |    57 ||   121
Dodge: Dodged            |   110 |    79 |   134 ||   323
Block: Kite shield       |       |       |    13 ||    13

Table legend: (Time is in decaauts)
 A = Elapsed time spent in this place.
 B = Non-inter-level travel time spent in this place.
 C = Inter-level travel time spent in this place.
 D = Time resting spent in this place.
 E = Time spent auto-exploring this place.
 F = Levels seen in this place.
 G = Mean time per level.
                   A        B        C        D        E       F      G
               +--------+--------+--------+--------+--------+-----+--------+
         Total |   7533 |   7275 |    258 |   2374 |   3360 |   6 | 1255.5 |
       Dungeon |   7276 |   7044 |    232 |   2374 |   3139 |   5 | 1455.2 |
        Temple |    256 |    230 |     26 |      0 |    221 |   1 |  256.0 |
               +--------+--------+--------+--------+--------+-----+--------+

Top non-repeatable levels by time:
     D:4: 1656 daAuts
     D:5: 1645 daAuts
     D:1: 1529 daAuts
     D:3: 1228 daAuts
     D:2: 1217 daAuts
  Temple: 256 daAuts
